 Dungeon Crawl Stone Soup version 0.22-a0-430-g6609fc6 (webtiles) character file.

4101 GameOver the Dealer of Despair (level 10, -5/86 HPs)
             Began as a Naga Wizard on May 27, 2018.
             Was an Elder of Kikubaaqudgha.
             Slain by Joseph
             ... wielding a +0 quarterstaff
              (12 damage)
             ... on level 8 of the Dungeon.
             The game lasted 00:56:46 (7594 turns).

GameOver the Dealer of Despair (Naga Wizard)        Turns: 7594, Time: 00:56:47

Health: -5/86      AC:  6    Str: 15    XL:     10   Next: 26%
Magic:  1/15       EV: 10    Int: 22    God:    Kikubaaqudgha [****..]
Gold:   462        SH:  0    Dex:  9    Spells: 6/15 levels left

rFire    . . .     SeeInvis +   w - +3 spear (pierce)
rCold    . . .     Gourm    .   (no shield)
rNeg     + . .     Faith    +   a - +0 robe
rPois    +         Spirit   .   v - +1 helmet {SInv}
rElec    .         Reflect  .   (no cloak)
rCorr    .         Harm     .   (no gloves)
MR       ++...                  (no barding)
Stlth    +++.......             q - amulet of faith
HPRegen  0.24/turn              u - ring of protection from magic
MPRegen  0.14/turn              l - ring of positive energy

@: mighty, very slightly contaminated, very slow
A: large, see invisible, deformed body, mutation resistance 2, poison
resistance, slowness 2, slow metabolism 1, spit poison 1, AC +3
a: Spit Poison, Receive Corpses, Renounce Religion


You were on level 8 of the Dungeon.
You worshipped Kikubaaqudgha.
Kikubaaqudgha was greatly pleased with you.
You were near starving.

You visited 2 branches of the dungeon, and saw 9 of its levels.

You collected 462 gold pieces.

Inventory:

Hand Weapons
 j - a +3 great sword
 s - a +2 dagger of venom
 w - a +3 spear of piercing (weapon)
 z - a +0 whip of draining
 C - the +8 war axe "Harhuyrara" {antimagic, MR+}
   (You found it on level 6 of the Dungeon)

   It reduces the magical energy of the wielder, and disrupts the spells and
   magical abilities of those hit.
   Natural abilities and divine invocations are not affected.
   It affects your resistance to hostile enchantments.
Missiles
 e - 42 sling bullets
 g - 31 bolts
Armour
 a - a +0 robe (worn)
 h - a +2 shield
 v - a +1 helmet of see invisible (worn)
Jewellery
 b - an uncursed ring of flight
 l - a ring of positive energy (right hand)
 q - an amulet of faith (around neck)
 u - a ring of protection from magic (left hand)
Wands
 c - a wand of flame (18)
Scrolls
 m - 2 scrolls of enchant weapon
 o - 2 scrolls of immolation
 p - 3 scrolls of noise
 r - 4 scrolls of identify
 y - 2 scrolls of remove curse
Potions
 i - a potion of haste {unknown}
 k - 3 potions of mutation
 n - 4 potions of brilliance
Comestibles
 d - 18 rations


   Skills:
 - Level 4.2 Fighting
 - Level 4.0 Polearms
 - Level 1.5 Dodging
 - Level 5.0 Stealth
 + Level 3.4 Spellcasting
 - Level 6.0 Conjurations
   Level 1.0 Summonings
 * Level 8.9 Necromancy
 - Level 4.0 Translocations
 - Level 4.1 Fire Magic
 - Level 4.0 Poison Magic


You had 6 spell levels left.
You knew the following spells:

 Your Spells              Type           Power        Failure   Level  Hunger
a - Magic Dart            Conj           ####         1%          1    None
b - Blink                 Tloc           N/A          3%          2    ##.....
d - Mephitic Cloud        Conj/Pois/Air  ###.....     9%          3    ###....
s - Conjure Flame         Conj/Fire      ####....     4%          3    ###....

Your spell library contained the following spells:

 Spells                   Type           Power        Failure   Level  Hunger
 Slow                     Hex            #.......     19%         2    ##.....
 Throw Frost              Conj/Ice       ###...       5%          2    ##.....
 Bolt of Draining         Conj/Necr      #####.....   16%         5    ######.
 Animate Dead             Necr           N/A          3%          4    ####...
 Pain                     Necr           ####         1%          1    None
 Animate Skeleton         Necr           N/A          1%          1    None
 Vampiric Draining        Necr           #####.....   1%          3    ###....
 Freeze                   Ice            #...         12%         1    None
 Summon Ice Beast         Ice/Summ       #.......     67%         4    ####...
 Ozocubu's Armour         Chrm/Ice       #.......     34%         3    ###....
 Call Imp                 Summ           #.......     12%         2    ##.....
 Dispel Undead            Necr           #####...     9%          5    ######.
 Sublimation of Blood     Necr           #####.....   1%          2    ##.....
 Throw Icicle             Conj/Ice       ###.....     34%         4    ####...
 Excruciating Wounds      Chrm/Necr      ###.......   45%         5    ######.
 Borgnjor's Vile Clutch   Necr/Erth      ###.......   45%         5    ######.


Dungeon Overview and Level Annotations

Branches:
Dungeon (8/15)             Temple (1/1) D:5
   Lair: D:8-11

Altars:
Ashenzari
Cheibriados
Dithmenos
Elyvilon
Fedhas
Gozag
Hepliaklqana
Kikubaaqudgha
Makhleb
Qazlal
Ru
Trog
Vehumet
Wu Jian
Xom
Yredelemnul
Zin
The Shining One

Shops:
D:5 }

Annotations:
D:5 Jynxie's ghost, novice DgCj
D:8 Joseph; Psyche


Innate Abilities, Weirdness & Mutations

You cannot wear boots.
Your serpentine skin is tough. (AC +3)
You have supernaturally acute eyesight. (SInv)
Armour fits poorly on your strangely shaped body.
Your system is resistant to poisons. (rPois)
You cover ground very slowly.
You have a slow metabolism.
You can spit poison.
You are somewhat resistant to both further mutation and mutation removal.


Message History

Joseph shoots a sling bullet.
The sling bullet hits you!
* * * LOW HITPOINT WARNING * * *
Okay, then.
Okay, then.
Joseph unwields an uncursed hunting sling.
Joseph wields an uncursed quarterstaff.
Joseph closely misses you.
You feel better.
You have got your breath back.
Joseph closely misses you.
You feel very mighty all of a sudden.
Joseph hits you with an uncursed quarterstaff!
* * * LOW HITPOINT WARNING * * *
Unknown command.
You closely miss Joseph.
Joseph is severely wounded.
You puncture Joseph!
Joseph is almost dead.
Joseph hits you with an uncursed quarterstaff!
You die...
Kikubaaqudgha rasps: "You have failed me!
Welcome... death!"

.... #.##h...#...#
... #†)'..(.....# ..
#†##....#...# .
#.##.....#.## ...
#...##.###(#+###...#
##..##.#<#.........#
#..##.#.#.........
#..##.#.#@......#
#.>##.#@#.......#
##.##.#@#.......#
#.##.#†#.......#
#.#...#.#####
#.#####.# #.......#
#########


You could see Joseph.

Vanquished Creatures
  A hornet (D:7)
  A hippogriff (D:7)
  A yak (D:7)
  A human (D:7)
  Grum (D:8)
  3 hogs (D:7)
  A water moccasin (D:5)
  An orc warrior (D:6)
  An ice beast (D:5)
  3 sky beasts
  3 ogres
  A phantom (D:3)
  A wolf (D:8)
  A centaur (D:7)
  A big kobold (D:4)
  The ghost of Gorglomux the Sneak, an amateur SpBe (D:3)
  3 bullfrogs
  A killer bee (D:8)
  6 wights
  A centaur zombie (D:5)
  3 crimson imps
  3 jellies
  4 hounds
  2 bullfrog skeletons (D:5)
  2 orc priests
  2 iguanas
  7 orc wizards
  5 worker ants
  2 hound skeletons (D:6)
  Robin (D:3)
  23 gnolls
  16 adders
  A shadow imp (D:7)
  An adder zombie (D:6)
  2 worms
  3 dart slugs
  4 leopard geckos
  22 orcs
  A ball python (D:2)
  11 giant cockroaches
  45 goblins
  22 hobgoblins
  21 jackals
  8 kobolds
  2 quokkas
  11 bats
  A frilled lizard (D:2)
  A jackal skeleton (D:5)
  6 rats
265 creatures vanquished.

Vanquished Creatures (others)
  A howler monkey (D:5)
  An adder (D:5)
2 creatures vanquished.

Grand Total: 267 creatures vanquished

Notes
Turn   | Place    | Note
-------+----------+-------------------------------------------
     0 | D:1      | GameOver the Naga Wizard began the quest for the Orb.
     0 | D:1      | Reached XP level 1. HP: 15/15 MP: 4/4
    68 | D:1      | Reached XP level 2. HP: 22/22 MP: 0/6
   217 | D:1      | Reached XP level 3. HP: 10/28 MP: 0/7
   866 | D:2      | You fall through a shaft for 2 floors!
   889 | D:4      | Reached XP level 4. HP: 34/36 MP: 5/8
  1218 | D:2      | Reached XP level 5. HP: 42/42 MP: 9/9
  1242 | D:2      | Learned a level 2 spell: Blink
  1246 | D:2      | Learned a level 3 spell: Conjure Flame
  1250 | D:2      | Learned a level 3 spell: Mephitic Cloud
  1290 | D:2      | Reached skill level 5 in Conjurations
  1718 | D:3      | Reached XP level 6. HP: 16/49 MP: 0/10
  1803 | D:3      | Noticed Gorglomux's ghost (amateur SpBe)
  2126 | D:3      | Found an ornate altar of the Wu Jian Council.
  2126 | D:3      | Noticed Robin
  2195 | D:3      | Killed Robin
  2195 | D:3      | Reached skill level 1 in Poison Magic
  2201 | D:3      | Found a shattered altar of Ashenzari.
  2417 | D:4      | Reached skill level 1 in Fighting
  2492 | D:4      | You fall through a shaft for 2 floors!
  2498 | D:5      | Entered Level 5 of the Dungeon
  2542 | D:5      | Found a staircase to the Ecumenical Temple.
  2551 | Temple   | Entered the Ecumenical Temple
  2705 | Temple   | Became a worshipper of Kikubaaqudgha
  2888 | D:4      | Noticed a phantom
  2915 | D:3      | Gained mutation: You are somewhat resistant to further mutation. [potion of mutation]
  2915 | D:3      | Gained mutation: You are somewhat resistant to both further mutation and mutation removal. [potion of mutation]
  2936 | D:3      | Killed a phantom
  2936 | D:3      | Reached XP level 7. HP: 27/61 MP: 3/11
  3430 | D:4      | Reached skill level 1 in Fire Magic
  3542 | D:4      | Reached * piety under Kikubaaqudgha
  3542 | D:4      | Identified Kikubaaqudgha's Reference Book on Evil Secrets (Kikubaaqudgha gifted it to you on level 4 of the Dungeon)
  3542 | D:4      | Received a gift from Kikubaaqudgha
  3574 | D:4      | Reached XP level 8. HP: 54/72 MP: 4/12
  3884 | D:4      | Reached ** piety under Kikubaaqudgha
  4501 | D:3      | Killed Gorglomux's ghost
  4863 | D:5      | Found a sacrificial altar of Ru.
  4877 | D:5      | Found a shimmering altar of Xom.
  4892 | D:5      | Reached skill level 1 in Polearms
  4905 | D:5      | Found Xary's Gadget Shop.
  5109 | D:5      | Reached *** piety under Kikubaaqudgha
  5109 | D:5      | Identified Kikubaaqudgha's Grimoire of Stolen Souls (Kikubaaqudgha gifted it to you on level 5 of the Dungeon)
  5109 | D:5      | Received a gift from Kikubaaqudgha
  5162 | D:5      | Noticed Jynxie's ghost (novice DgCj)
  5549 | D:5      | Reached skill level 1 in Necromancy
  5630 | D:5      | Reached skill level 2 in Necromancy
  5630 | D:5      | Reached XP level 9. HP: 72/78 MP: 11/13
  5665 | D:6      | Reached skill level 5 in Stealth
  5673 | D:6      | Reached skill level 3 in Necromancy
  6062 | D:6      | Found a burning altar of Makhleb.
  6167 | D:6      | Reached skill level 4 in Necromancy
  6458 | D:6      | Got an ebony war axe
  6459 | D:6      | Identified the +8 war axe "Harhuyrara" {antimagic, MR+} (You found it on level 6 of the Dungeon)
  6577 | D:7      | Reached skill level 5 in Necromancy
  6629 | D:7      | Reached **** piety under Kikubaaqudgha
  6715 | D:7      | Reached skill level 6 in Necromancy
  6718 | D:7      | Reached skill level 7 in Necromancy
  6787 | D:7      | Noticed a hornet
  6923 | D:7      | Reached XP level 10. HP: 72/86 MP: 10/14
  6992 | D:7      | Reached skill level 8 in Necromancy
  7461 | D:8      | Noticed Grum
  7539 | D:8      | Killed Grum
  7556 | D:8      | Noticed Joseph
  7558 | D:8      | Noticed Psyche
  7594 | D:8      | Slain by Joseph

Vault maps used:
D:1:      dpeg_arrival_boxorama, serial_bayou_pond_d
D:2:      first_ration
D:3:      gammafunk_temple_overflow_statue, minmay_goblin_kobold_house,
          uniq_robin
D:4:      minmay_goblin_kobold_castle
D:5:      cheibrodos_barr_body, nicolae_ru_the_path_less_chosen,
          minmay_temple_entry_large_hall, serial_shops, shop,
          xom_confusion_cloud
D:6:      makhleb_heckhound_becter, minmay_misc_feat_pillars
D:7:      grunt_livestock
D:8:      basic_altar, minmay_ruined_shrine, uniq_psyche, uniq_joseph, uniq_grum
Temple:   dpeg_five_rooms_temple

Skill      XL: |  1  2  3  4  5  6  7  8  9 10 |
---------------+-------------------------------+-----
Conjurations   | 2 3 4 5 6 |  6.0
Poison Magic   | 3 4 |  4.0
Fighting       | 2 4 |  4.2
Fire Magic     | 1 4 |  4.1
Translocations | 2 4 |  4.0
Polearms       | 2 4 |  4.0
Stealth        | 4 5 |  5.0
Necromancy     | 2 7 8 |  8.9
Dodging        | |  1.5
Spellcasting   | |  3.4
Summonings     | |  1.0

Action                   |  1- 3 |  4- 6 |  7- 9 | 10-12 || total
-------------------------+-------+-------+-------+-------++-------
Melee: Dagger            |    27 |       |       |       ||    27
       Spear             |    19 |    25 |   300 |    61 ||   405
       Rapier            |       |    29 |       |       ||    29
 Cast: Magic Dart        |    48 |   117 |   176 |    18 ||   359
       Mephitic Cloud    |       |     1 |    15 |     6 ||    22
       Conjure Flame     |       |       |     4 |     1 ||     5
       Blink             |       |       |     1 |     1 ||     2
 Abil: Spit Poison       |    37 |    51 |    65 |    13 ||   166
Evoke: Wand              |       |       |     8 |       ||     8
  Use: Potion            |     1 |     3 |       |     3 ||     7
       Scroll            |       |     7 |     4 |     2 ||    13
 Stab: Confused          |       |       |     7 |     1 ||     8
       Sleeping          |       |       |     6 |       ||     6
  Eat: Chunk             |     2 |     8 |    13 |     2 ||    25
       Ration            |       |       |     1 |       ||     1
Armor: Robe              |    45 |    22 |    70 |    14 ||   151
Dodge: Dodged            |    61 |    42 |   111 |    35 ||   249

Table legend:
 A = Spawn XP
 B = Non-spawn XP
 C = Spawn XP percentage of total XP
 D = Spawn monster count
 E = Non-spawn monster count
 F = Spawn count percentage of total count
 G = Total turns spent on level
                    A         B        C        D         E        F      G
               +---------+---------+-------+---------+---------+-------+---------
         Total |       0 |    5859 |   0.0 |       0 |     265 |   0.0 |  7594
               +---------+---------+-------+---------+---------+-------+---------
           D:1 |       0 |      59 |   0.0 |       0 |      30 |   0.0 |   687
           D:2 |       0 |     140 |   0.0 |       0 |      30 |   0.0 |   836
           D:3 |       0 |     455 |   0.0 |       0 |      46 |   0.0 |  1310
           D:4 |       0 |     984 |   0.0 |       0 |      84 |   0.0 |  1869
           D:5 |       0 |     839 |   0.0 |       0 |      24 |   0.0 |   757
           D:6 |       0 |     810 |   0.0 |       0 |      21 |   0.0 |   900
           D:7 |       0 |    2113 |   0.0 |       0 |      24 |   0.0 |   886
           D:8 |       0 |     459 |   0.0 |       0 |       6 |   0.0 |   163
               +---------+---------+-------+---------+---------+-------+---------
